Pick #1

Connor Bedard
Pick #2

Leo Carlsson
Pick #3

Adam Fantilli
Pick #4

Matvei Michkov
Pick #5

David Reinbacher
Pick #6

William Smith
Pick #7

Zachary Benson
Pick #8

Ryan Leonard
Pick #9

Gabriel Perreault
Pick #10

Axel Sandin-Pellika
Pick #11

Daniil But
Pick #12

Dalibor Dvorsky
Pick #13

Quentin Musty
Pick #14

Brayden Yager
Pick #15

Dmitry Simashev
Pick #16

Colby Barlow
Pick #17

Andrew Cristall
Pick #18

Easton Cowan
Pick #19

Jacob Fowler
Pick #20

Oliver Moore
Pick #21

Oliver Bonk
Pick #22

Tom Willander
Pick #23

Calum Ritchie
Pick #24

Tanner Molendyk
Pick #25

Gavin Brindley
Pick #26

Nate Danielson
Pick #27

Pick #28

Pick #29

Pick #30

Pick #31

Pick #32

Pick #33

Pick #34

Pick #35

Pick #36

Pick #37

Pick #38

Pick #39

Pick #40

Pick #41

Pick #42

Pick #43

Pick #44

Pick #45

Pick #46

Pick #47

Pick #48

Pick #49

Pick #50

Pick #51

Pick #52

Pick #53

Pick #54

Pick #55

Pick #56

Pick #57

Pick #58

Pick #59

Pick #60

Pick #61

Pick #62

Pick #63

Pick #64

Pick #65

Pick #66

Pick #67

Pick #68

Pick #69

Pick #70

Pick #71

Pick #72

Pick #73

Pick #74

Pick #75

Pick #76

Pick #77

Pick #78

Pick #79

Pick #80

Pick #81

Pick #82

Pick #83

Pick #84

Pick #85

Pick #86

Pick #87

Pick #88

Pick #89

Pick #90

Pick #91

Pick #92

Pick #93

Pick #94

Pick #95

Pick #96

Pick #97

Pick #98

Pick #99

Pick #100

Pick #101

Pick #102

Pick #103

Pick #104

Pick #105

Pick #106

Pick #107

Pick #108

Pick #109

Pick #110

Pick #111

Pick #112

Pick #113

Pick #114

Pick #115

Pick #116

Pick #117

Pick #118

Pick #119

Pick #120

Pick #121

Pick #122

Pick #123

Pick #124

Pick #125

Pick #126

Pick #127

Pick #128

Pick #129

Pick #130

Full Scoreboard »»

Golden Knights vs Flyers

Created - January 11, 2024 at 12:30

Goals
1 2 3 T
Golden Knights 1 1 0 2
Flyers 1 1 2 4
Shots
1 2 3 T
Golden Knights 8 11 5 24
Flyers 11 15 8 34

GoalsPenalties
1st period
1. Flyers , Robert Thomas 14 (Jared McCann 13, William Nylander 12) at 7:13
2. Golden Knights , Miro Heiskanen 5 (Zach Werenski 23, Tomas Hertl 18) at 17:04 (PP)
Robert Thomas (PHI) for Tripping (Minor) at 14:02
Aaron Ekblad (PHI) for Hooking (Minor) at 16:44
2nd period
3. Golden Knights , Marcus Foligno 4 (Kirby Dach 5, Jakob Chychrun 16) at 18:45
4. Flyers , Mika Zibanejad 14 (Johnny Gaudreau 14, Vince Dunn 12) at 19:58
Jakob Chychrun (VGK) for Hooking (Minor) at 1:03
Victor Hedman (PHI) for Roughing (Minor) at 6:01
3rd period
5. Flyers , Joel Farabee 4 (Aaron Ekblad 18, Jake DeBrusk 7) at 4:13 (PP)
6. Flyers , Jared McCann 7 (Robert Thomas 22, Dante Fabbro 5) at 10:16
Miro Heiskanen (VGK) for Unsportsmanlike conduct (Minor) at 2:56
Robert Thomas (PHI) for Hooking (Minor) at 5:38
Goalie Stats
Ilya Samsonov (VGK), 30 saves from 34 shots - (0.882), L, 16-11-6, 60:00 minutes
Linus Ullmark (PHI), 22 saves from 24 shots - (0.917), W, 19-12-3, 60:00 minutes
3 StarsOfficial
1 - Jared McCann (PHI)
2 - Mika Zibanejad (PHI)
3 - Joel Farabee (PHI)
Referees : Brett Roeland and TJ Luxmore
Linesman : Scott Cherrey and Libor Suchanek
Game Note
No Game Note
Finance
Level 1 -- Attendance: 5856 (90.09%) -- Ticket Income $614,880
Level 2 -- Attendance: 4906 (98.12%) -- Ticket Income $367,950
Level 3 -- Attendance: 3237 (92.49%) -- Ticket Income $178,035
Level 4 -- Attendance: 1565 (100.00%) -- Ticket Income $62,600
Luxury Box -- Attendance: 931 (93.10%) -- Ticket Income $185,269
Game was played at the Wells Fargo Center.
Total Attendance: 16495 (93.91%)
Total Ticket Income: $1,408,734
Other Income: $352,184
Total Income: $1,760,918



Team Name Goals Shots Shots Attemp Shots Blocked PIM HIT PP PK FO%
Golden Knights 2243854161 / 4 (25%)145%
Flyers 4347248181 / 2 (50%)155%

Golden Knights
Player Name POS G A P +/- PIM HIT SHT SB MP PP MP PP SHT PK MP PK SHT FO% FOT
Adam BoqvistD0000000121:162:5001:0900% 0
Artemi PanarinLW000-1020022:473:0000:2400% 1
Derek GrantC000000005:000:0000:4700% 1
Jack RoslovicC000-2004019:413:1710:00033% 3
Jake EvansC0000000016:020:0000:4700% 1
Jakob ChychrunD0110232020:202:5020:1400% 0
Kirby DachC0111001112:230:0000:00053% 15
Marcus FolignoLW1011012012:320:0002:050100% 1
Mark StoneRW000-1010122:473:0000:240100% 1
Mattias JanmarkC000000000:000:0000:0000% 0
Miro HeiskanenD101-2212023:193:2721:2700% 0
Nathan MacKinnonC000-1027024:093:0010:00028% 29
Rafael Harvey-PinardLW0001002010:270:0000:000100% 2
T.J. OshieRW000-2010019:413:1700:000100% 1
Tomas HertlC011-2002021:463:1702:05056% 27
Travis HamonicD0000031216:100:0001:2600% 0
Vladislav NamestnikovC000000004:130:0000:0000% 0
Zach WerenskiD011-2021024:093:2712:1600% 0
Flyers
Player Name POS G A P +/- PIM HIT SHT SB MP PP MP PP SHT PK MP PK SHT FO% FOT
Aaron EkbladD0111214021:441:1212:3100% 0
Alex PietrangeloD0001000124:061:1204:3300% 0
Brandon TanevLW0000013017:020:0005:0600% 1
Calle JarnkrokC0000001012:110:1500:00067% 12
Chris TanevD0000000014:400:0900:2700% 0
Dante FabbroD0110020114:040:0000:0000% 0
Eetu LuostarinenC000000207:540:0001:130100% 1
Eric StaalC000000006:410:0000:0000% 1
Jake DeBruskLW0110011017:051:0400:000100% 1
Jared McCannLW1122028017:461:5710:0000% 0
Joel FarabeeLW1010022013:151:1910:0000% 1
Johnny GaudreauLW0110011017:581:5700:000100% 2
Mika ZibanejadC1010042022:321:5704:34037% 27
Robert ThomasC1122401017:311:1900:25065% 26
Sam LaffertyC000000206:460:0000:05067% 9
Victor HedmanD0001203223:341:5503:1900% 0
Vince DunnD0111020019:460:0001:4400% 0
William NylanderRW0112024019:042:0411:1100% 1



Play-by-Play

1st period


0:01 of 1st period - Robert Thomas wins face-off versus Nathan MacKinnon in neutral zone.
0:29 of 1st period - Off-side.
0:30 of 1st period - Johnny Gaudreau wins face-off versus Jack Roslovic in neutral zone.
1:00 of 1st period - Jakob Chychrun is hit by Jake DeBrusk and loses puck.
1:22 of 1st period - Icing by Vince Dunn.
1:23 of 1st period - Mika Zibanejad wins face-off versus Kirby Dach in Flyers zone.
1:50 of 1st period - Shot by Rafael Harvey-Pinard.
1:50 of 1st period - Stopped by Linus Ullmark without a rebound.
1:51 of 1st period - Sam Lafferty wins face-off versus Nathan MacKinnon in Flyers zone.
2:00 of 1st period - Shot by Sam Lafferty.
2:00 of 1st period - Shot Misses the Net.
2:08 of 1st period - Shot by Sam Lafferty.
2:08 of 1st period - Stopped by Ilya Samsonov without a rebound.
2:09 of 1st period - Robert Thomas wins face-off versus Nathan MacKinnon in Golden Knights zone.
2:10 of 1st period - Shot by William Nylander.
2:10 of 1st period - Shot Blocked by Travis Hamonic.
2:12 of 1st period - Shot by Jared McCann.
2:12 of 1st period - Shot Misses the Net.
2:26 of 1st period - Shot by Robert Thomas.
2:26 of 1st period - Shot Misses the Net.
2:43 of 1st period - Icing by Travis Hamonic.
2:44 of 1st period - Calle Jarnkrok wins face-off versus Nathan MacKinnon in Golden Knights zone.
3:13 of 1st period - Brandon Tanev is hit by Travis Hamonic and loses puck.
3:28 of 1st period - Shot by Brandon Tanev.
3:28 of 1st period - Shot Misses the Net.
3:30 of 1st period - Shot by Brandon Tanev.
3:30 of 1st period - Stopped by Ilya Samsonov without a rebound.
3:31 of 1st period - Mika Zibanejad wins face-off versus Tomas Hertl in Golden Knights zone.
3:32 of 1st period - Shot by Johnny Gaudreau.
3:32 of 1st period - Shot Misses the Net.
3:34 of 1st period - Shot by Aaron Ekblad.
3:34 of 1st period - Stopped by Ilya Samsonov without a rebound.
3:35 of 1st period - Robert Thomas wins face-off versus Kirby Dach in Golden Knights zone.
3:40 of 1st period - Shot by Jared McCann.
3:40 of 1st period - Stopped by Ilya Samsonov without a rebound.
3:41 of 1st period - Mika Zibanejad wins face-off versus Tomas Hertl in Golden Knights zone.
4:13 of 1st period - Johnny Gaudreau is hit by Miro Heiskanen and loses puck.
4:19 of 1st period - Icing by Zach Werenski.
4:20 of 1st period - Robert Thomas wins face-off versus Tomas Hertl in Golden Knights zone.
4:23 of 1st period - Shot by William Nylander.
4:23 of 1st period - Shot Misses the Net.
4:47 of 1st period - Alex Pietrangelo is hit by Nathan MacKinnon and loses puck.
5:13 of 1st period - Shot by Mark Stone.
5:13 of 1st period - Deflect By Nathan MacKinnon.
5:13 of 1st period - Stopped by Linus Ullmark without a rebound.
5:14 of 1st period - Sam Lafferty wins face-off versus Kirby Dach in Flyers zone.
5:16 of 1st period - Icing by Eetu Luostarinen.
5:17 of 1st period - Sam Lafferty wins face-off versus Kirby Dach in Flyers zone.
6:08 of 1st period - Icing by Marcus Foligno.
6:09 of 1st period - Kirby Dach wins face-off versus Mika Zibanejad in Golden Knights zone.
6:38 of 1st period - Shot by Johnny Gaudreau.
6:38 of 1st period - Stopped by Ilya Samsonov without a rebound.
6:39 of 1st period - Tomas Hertl wins face-off versus Robert Thomas in Golden Knights zone.
6:39 of 1st period - T.J. Oshie is hit by William Nylander and loses puck.
6:58 of 1st period - Jakob Chychrun is hit by William Nylander and loses puck.
7:09 of 1st period - Shot by Jared McCann.
7:09 of 1st period - Shot Misses the Net.
7:11 of 1st period - Shot by Jared McCann.
7:11 of 1st period - Shot Misses the Net.
7:13 of 1st period - Shot by Robert Thomas.
7:13 of 1st period - Goal by Robert Thomas - Golden Knights : 0 - Flyers : 1.
7:14 of 1st period - Calle Jarnkrok wins face-off versus Nathan MacKinnon in neutral zone.
7:17 of 1st period - Mark Stone is hit by Joel Farabee and loses puck.
7:47 of 1st period - Shot by Aaron Ekblad.
7:47 of 1st period - Stopped by Ilya Samsonov with a rebound.
7:53 of 1st period - Shot by Calle Jarnkrok.
7:53 of 1st period - Stopped by Ilya Samsonov without a rebound.
7:54 of 1st period - Johnny Gaudreau wins face-off versus Tomas Hertl in Golden Knights zone.
7:59 of 1st period - Shot by Mika Zibanejad.
7:59 of 1st period - Stopped by Ilya Samsonov without a rebound.
8:00 of 1st period - Tomas Hertl wins face-off versus Mika Zibanejad in Golden Knights zone.
8:00 of 1st period - Tomas Hertl is hit by Mika Zibanejad.
8:10 of 1st period - Shot by Johnny Gaudreau.
8:10 of 1st period - Shot Misses the Net.
8:12 of 1st period - Shot by Victor Hedman.
8:12 of 1st period - Stopped by Ilya Samsonov without a rebound.
8:13 of 1st period - Robert Thomas wins face-off versus Nathan MacKinnon in Golden Knights zone.
8:47 of 1st period - Shot by Artemi Panarin.
8:47 of 1st period - Shot Blocked by Dante Fabbro.
8:53 of 1st period - Shot by Artemi Panarin.
8:53 of 1st period - Shot Misses the Net.
9:20 of 1st period - Off-side.
9:21 of 1st period - Tomas Hertl wins face-off versus Mika Zibanejad in neutral zone.
9:38 of 1st period - Shot by Tomas Hertl.
9:38 of 1st period - Stopped by Linus Ullmark without a rebound.
9:39 of 1st period - Rafael Harvey-Pinard wins face-off versus Calle Jarnkrok in Flyers zone.
11:06 of 1st period - Shot by Nathan MacKinnon.
11:06 of 1st period - Stopped by Linus Ullmark without a rebound.
11:07 of 1st period - Robert Thomas wins face-off versus Tomas Hertl in Flyers zone.
11:32 of 1st period - Shot by William Nylander.
11:32 of 1st period - Stopped by Ilya Samsonov without a rebound.
11:33 of 1st period - Nathan MacKinnon wins face-off versus Sam Lafferty in Golden Knights zone.
11:49 of 1st period - Icing by Alex Pietrangelo.
11:50 of 1st period - Tomas Hertl wins face-off versus Eric Staal in Flyers zone.
13:22 of 1st period - Shot by Mark Stone.
13:22 of 1st period - Shot Misses the Net.
14:02 of 1st period - Minor Penalty to Robert Thomas for Tripping.
14:03 of 1st period - Tomas Hertl wins face-off versus Mika Zibanejad in Flyers zone.
14:36 of 1st period - Shot by Jakob Chychrun.
14:36 of 1st period - Stopped by Linus Ullmark without a rebound.
14:37 of 1st period - Nathan MacKinnon wins face-off versus Mika Zibanejad in Flyers zone.
15:39 of 1st period - Icing by Jakob Chychrun.
15:40 of 1st period - Tomas Hertl wins face-off versus Mika Zibanejad in Golden Knights zone.
16:13 of 1st period - Shot by Derek Grant.
16:13 of 1st period - Shot Misses the Net.
16:15 of 1st period - Shot by Kirby Dach.
16:15 of 1st period - Shot Misses the Net.
16:17 of 1st period - Shot by Kirby Dach.
16:17 of 1st period - Stopped by Linus Ullmark without a rebound.
16:18 of 1st period - Kirby Dach wins face-off versus Sam Lafferty in Flyers zone.
16:18 of 1st period - Jakob Chychrun is hit by Vince Dunn and loses puck.
16:36 of 1st period - Jakob Chychrun is hit by Vince Dunn and loses puck.
16:44 of 1st period - Minor Penalty to Aaron Ekblad for Hooking.
16:45 of 1st period - Tomas Hertl wins face-off versus Mika Zibanejad in Flyers zone.
17:02 of 1st period - Shot by Zach Werenski.
17:02 of 1st period - Shot Misses the Net.
17:04 of 1st period - Shot by Miro Heiskanen.
17:04 of 1st period - Goal by Miro Heiskanen - Golden Knights : 1 - Flyers : 1.
17:05 of 1st period - Robert Thomas wins face-off versus Nathan MacKinnon in neutral zone.
17:12 of 1st period - Shot by Jared McCann.
17:12 of 1st period - Shot Misses the Net.
18:37 of 1st period - Shot by Jack Roslovic.
18:37 of 1st period - Stopped by Linus Ullmark without a rebound.
18:38 of 1st period - Kirby Dach wins face-off versus Calle Jarnkrok in Flyers zone.
18:50 of 1st period - Kirby Dach is hit by Dante Fabbro.
19:21 of 1st period - Brandon Tanev is hit by Jakob Chychrun and loses puck.
19:47 of 1st period - Artemi Panarin is hit by Dante Fabbro and loses puck.
Goals for this period are 1 for Golden Knights vs 1 for Flyers.
Shots for this period are 8 for Golden Knights vs 11 for Flyers.

2nd period


0:01 of 2nd period - Mika Zibanejad wins face-off versus Nathan MacKinnon in neutral zone.
1:03 of 2nd period - Minor Penalty to Jakob Chychrun for Hooking.
1:04 of 2nd period - Robert Thomas wins face-off versus Tomas Hertl in Golden Knights zone.
1:05 of 2nd period - Shot by William Nylander.
1:05 of 2nd period - Shot Misses the Net.
1:07 of 2nd period - Shot by Victor Hedman.
1:07 of 2nd period - Shot Blocked by Travis Hamonic.
1:09 of 2nd period - Shot by William Nylander.
1:09 of 2nd period - Stopped by Ilya Samsonov without a rebound.
1:10 of 2nd period - Robert Thomas wins face-off versus Tomas Hertl in Golden Knights zone.
1:25 of 2nd period - Shot by Robert Thomas.
1:25 of 2nd period - Shot Misses the Net.
2:13 of 2nd period - Shot by Jared McCann.
2:13 of 2nd period - Stopped by Ilya Samsonov with a rebound.
2:15 of 2nd period - Shot by Aaron Ekblad.
2:15 of 2nd period - Stopped by Ilya Samsonov without a rebound.
2:16 of 2nd period - Mika Zibanejad wins face-off versus Derek Grant in Golden Knights zone.
2:48 of 2nd period - Johnny Gaudreau is hit by Zach Werenski and loses puck.
3:23 of 2nd period - Shot by Sam Lafferty.
3:23 of 2nd period - Stopped by Ilya Samsonov without a rebound.
3:24 of 2nd period - Calle Jarnkrok wins face-off versus Tomas Hertl in Golden Knights zone.
3:37 of 2nd period - Shot by Joel Farabee.
3:37 of 2nd period - Stopped by Ilya Samsonov without a rebound.
3:38 of 2nd period - Sam Lafferty wins face-off versus Nathan MacKinnon in Golden Knights zone.
3:45 of 2nd period - Eric Staal is hit by Mark Stone.
5:20 of 2nd period - Shot by Jared McCann.
5:20 of 2nd period - Stopped by Ilya Samsonov without a rebound.
5:21 of 2nd period - Rafael Harvey-Pinard wins face-off versus Mika Zibanejad in Golden Knights zone.
5:21 of 2nd period - Miro Heiskanen is hit by Mika Zibanejad and loses puck.
5:25 of 2nd period - Icing by Zach Werenski.
5:26 of 2nd period - Mika Zibanejad wins face-off versus Kirby Dach in Golden Knights zone.
5:38 of 2nd period - Off-side.
5:39 of 2nd period - Robert Thomas wins face-off versus Nathan MacKinnon in neutral zone.
5:58 of 2nd period - Shot by Artemi Panarin.
5:58 of 2nd period - Shot Blocked by Victor Hedman.
6:01 of 2nd period - Minor Penalty to Victor Hedman for Roughing.
6:02 of 2nd period - Tomas Hertl wins face-off versus Mika Zibanejad in Flyers zone.
6:02 of 2nd period - Tomas Hertl is hit by Aaron Ekblad.
6:43 of 2nd period - Shot by Jakob Chychrun.
6:43 of 2nd period - Stopped by Linus Ullmark without a rebound.
6:44 of 2nd period - Robert Thomas wins face-off versus Nathan MacKinnon in Flyers zone.
6:44 of 2nd period - Alex Pietrangelo is hit by Artemi Panarin.
7:08 of 2nd period - Shot by Zach Werenski.
7:08 of 2nd period - Shot Misses the Net.
7:10 of 2nd period - Shot by Zach Werenski.
7:10 of 2nd period - Stopped by Linus Ullmark without a rebound.
7:11 of 2nd period - Tomas Hertl wins face-off versus Robert Thomas in Flyers zone.
7:27 of 2nd period - Icing by Jakob Chychrun.
7:28 of 2nd period - Tomas Hertl wins face-off versus Mika Zibanejad in Golden Knights zone.
7:39 of 2nd period - Shot by Jack Roslovic.
7:39 of 2nd period - Stopped by Linus Ullmark without a rebound.
7:40 of 2nd period - Robert Thomas wins face-off versus Artemi Panarin in Flyers zone.
8:01 of 2nd period - Shot by Nathan MacKinnon.
8:01 of 2nd period - Stopped by Linus Ullmark without a rebound.
8:02 of 2nd period - Tomas Hertl wins face-off versus Robert Thomas in Flyers zone.
8:06 of 2nd period - Icing by Chris Tanev.
8:07 of 2nd period - Robert Thomas wins face-off versus Nathan MacKinnon in Flyers zone.
8:07 of 2nd period - Robert Thomas is hit by Nathan MacKinnon.
8:27 of 2nd period - Shot by Nathan MacKinnon.
8:27 of 2nd period - Stopped by Linus Ullmark without a rebound.
8:28 of 2nd period - Mika Zibanejad wins face-off versus Jack Roslovic in Flyers zone.
8:32 of 2nd period - Victor Hedman is hit by Jakob Chychrun and loses puck.
8:49 of 2nd period - Shot by Tomas Hertl.
8:49 of 2nd period - Stopped by Linus Ullmark without a rebound.
8:50 of 2nd period - Robert Thomas wins face-off versus Nathan MacKinnon in Flyers zone.
9:19 of 2nd period - Shot by Jared McCann.
9:19 of 2nd period - Stopped by Ilya Samsonov without a rebound.
9:20 of 2nd period - Jack Roslovic wins face-off versus Mika Zibanejad in Golden Knights zone.
9:46 of 2nd period - Shot by Jack Roslovic.
9:46 of 2nd period - Stopped by Linus Ullmark with a rebound.
10:31 of 2nd period - Shot by Aaron Ekblad.
10:31 of 2nd period - Shot Misses the Net.
10:33 of 2nd period - Shot by Robert Thomas.
10:33 of 2nd period - Shot Misses the Net.
10:43 of 2nd period - Shot by Jared McCann.
10:43 of 2nd period - Stopped by Ilya Samsonov without a rebound.
10:44 of 2nd period - Kirby Dach wins face-off versus Calle Jarnkrok in Golden Knights zone.
10:44 of 2nd period - Kirby Dach is hit by Brandon Tanev.
11:20 of 2nd period - Icing by Chris Tanev.
11:21 of 2nd period - Calle Jarnkrok wins face-off versus Nathan MacKinnon in Flyers zone.
11:34 of 2nd period - Shot by Joel Farabee.
11:34 of 2nd period - Shot Misses the Net.
11:56 of 2nd period - Shot by Nathan MacKinnon.
11:56 of 2nd period - Stopped by Linus Ullmark without a rebound.
11:57 of 2nd period - Jake DeBrusk wins face-off versus Tomas Hertl in Flyers zone.
12:01 of 2nd period - Icing by Mika Zibanejad.
12:02 of 2nd period - T.J. Oshie wins face-off versus Mika Zibanejad in Flyers zone.
12:24 of 2nd period - Icing by Alex Pietrangelo.
12:25 of 2nd period - Nathan MacKinnon wins face-off versus Mika Zibanejad in Flyers zone.
12:28 of 2nd period - Shot by Nathan MacKinnon.
12:28 of 2nd period - Stopped by Linus Ullmark without a rebound.
12:29 of 2nd period - Robert Thomas wins face-off versus Nathan MacKinnon in Flyers zone.
14:08 of 2nd period - Jakob Chychrun is hit by Mika Zibanejad and loses puck.
14:22 of 2nd period - Victor Hedman is hit by Travis Hamonic and loses puck.
14:33 of 2nd period - Shot by Kirby Dach.
14:33 of 2nd period - Deflect By Rafael Harvey-Pinard.
14:33 of 2nd period - Shot Blocked by Alex Pietrangelo.
14:35 of 2nd period - Shot by Marcus Foligno.
14:35 of 2nd period - Stopped by Linus Ullmark without a rebound.
14:36 of 2nd period - Calle Jarnkrok wins face-off versus Nathan MacKinnon in Flyers zone.
15:39 of 2nd period - Shot by Victor Hedman.
15:39 of 2nd period - Shot Blocked by Mark Stone.
15:41 of 2nd period - Shot by Victor Hedman.
15:41 of 2nd period - Stopped by Ilya Samsonov with a rebound.
15:43 of 2nd period - Shot by Sam Lafferty.
15:43 of 2nd period - Deflect By Eetu Luostarinen.
15:43 of 2nd period - Stopped by Ilya Samsonov without a rebound.
15:44 of 2nd period - Mika Zibanejad wins face-off versus Kirby Dach in Golden Knights zone.
16:19 of 2nd period - Jakob Chychrun is hit by Johnny Gaudreau and loses puck.
16:26 of 2nd period - Shot by Mika Zibanejad.
16:26 of 2nd period - Shot Misses the Net.
16:36 of 2nd period - Mika Zibanejad is hit by Marcus Foligno and loses puck.
16:43 of 2nd period - Marcus Foligno is hit by Mika Zibanejad and loses puck.
16:51 of 2nd period - Icing by Jakob Chychrun.
16:52 of 2nd period - Marcus Foligno wins face-off versus Robert Thomas in Golden Knights zone.
17:02 of 2nd period - Icing by Victor Hedman.
17:03 of 2nd period - Robert Thomas wins face-off versus Tomas Hertl in Flyers zone.
17:03 of 2nd period - Robert Thomas is hit by T.J. Oshie.
17:15 of 2nd period - Shot by William Nylander.
17:15 of 2nd period - Stopped by Ilya Samsonov without a rebound.
17:16 of 2nd period - Nathan MacKinnon wins face-off versus Joel Farabee in Golden Knights zone.
17:16 of 2nd period - Nathan MacKinnon is hit by Joel Farabee.
17:30 of 2nd period - Shot by Victor Hedman.
17:30 of 2nd period - Shot Hit the Post.
17:54 of 2nd period - Shot by Victor Hedman.
17:54 of 2nd period - Stopped by Ilya Samsonov with a rebound.
17:56 of 2nd period - Shot by Brandon Tanev.
17:56 of 2nd period - Stopped by Ilya Samsonov without a rebound.
17:57 of 2nd period - Tomas Hertl wins face-off versus Robert Thomas in Golden Knights zone.
17:57 of 2nd period - Tomas Hertl is hit by Jared McCann.
18:31 of 2nd period - Shot by Jared McCann.
18:31 of 2nd period - Stopped by Ilya Samsonov without a rebound.
18:32 of 2nd period - Kirby Dach wins face-off versus Mika Zibanejad in Golden Knights zone.
18:45 of 2nd period - Shot by Marcus Foligno.
18:45 of 2nd period - Goal by Marcus Foligno - Golden Knights : 2 - Flyers : 1.
18:46 of 2nd period - Calle Jarnkrok wins face-off versus Nathan MacKinnon in neutral zone.
19:56 of 2nd period - Shot by Mika Zibanejad.
19:56 of 2nd period - Deflect By Johnny Gaudreau.
19:56 of 2nd period - Shot Misses the Net.
19:58 of 2nd period - Shot by Johnny Gaudreau.
19:58 of 2nd period - Deflect By Mika Zibanejad.
19:58 of 2nd period - Goal by Mika Zibanejad - Golden Knights : 2 - Flyers : 2.
19:59 of 2nd period - Kirby Dach wins face-off versus Robert Thomas in neutral zone.
Goals for this period are 1 for Golden Knights vs 1 for Flyers.
Shots for this period are 11 for Golden Knights vs 15 for Flyers.

3rd period


0:01 of 3rd period - Robert Thomas wins face-off versus Nathan MacKinnon in neutral zone.
1:32 of 3rd period - Shot by Jake DeBrusk.
1:32 of 3rd period - Stopped by Ilya Samsonov without a rebound.
1:33 of 3rd period - Calle Jarnkrok wins face-off versus Kirby Dach in Golden Knights zone.
2:56 of 3rd period - Minor Penalty to Miro Heiskanen for Unsportsmanlike conduct.
2:57 of 3rd period - Tomas Hertl wins face-off versus Mika Zibanejad in Golden Knights zone.
2:57 of 3rd period - Tomas Hertl is hit by Jared McCann.
3:20 of 3rd period - Mika Zibanejad is hit by Zach Werenski and loses puck.
4:11 of 3rd period - Shot by Aaron Ekblad.
4:11 of 3rd period - Shot Misses the Net.
4:13 of 3rd period - Shot by Joel Farabee.
4:13 of 3rd period - Goal by Joel Farabee - Golden Knights : 2 - Flyers : 3.
4:14 of 3rd period - Nathan MacKinnon wins face-off versus Sam Lafferty in neutral zone.
4:36 of 3rd period - Shot by Travis Hamonic.
4:36 of 3rd period - Stopped by Linus Ullmark without a rebound.
4:37 of 3rd period - Tomas Hertl wins face-off versus Calle Jarnkrok in Flyers zone.
4:51 of 3rd period - Joel Farabee is hit by Jakob Chychrun.
4:55 of 3rd period - Shot by Brandon Tanev.
4:55 of 3rd period - Shot Misses the Net.
4:59 of 3rd period - Shot by Brandon Tanev.
4:59 of 3rd period - Shot Blocked by Adam Boqvist.
5:01 of 3rd period - Shot by Brandon Tanev.
5:01 of 3rd period - Shot Misses the Net.
5:13 of 3rd period - Shot by Brandon Tanev.
5:13 of 3rd period - Stopped by Ilya Samsonov with a rebound.
5:23 of 3rd period - Shot by Brandon Tanev.
5:23 of 3rd period - Shot Misses the Net.
5:38 of 3rd period - Minor Penalty to Robert Thomas for Hooking.
5:39 of 3rd period - Mark Stone wins face-off versus Mika Zibanejad in Flyers zone.
5:48 of 3rd period - Shot by Nathan MacKinnon.
5:48 of 3rd period - Stopped by Linus Ullmark without a rebound.
5:49 of 3rd period - Mika Zibanejad wins face-off versus Nathan MacKinnon in Flyers zone.
6:32 of 3rd period - Shot by Nathan MacKinnon.
6:32 of 3rd period - Shot Misses the Net.
7:28 of 3rd period - Shot by Nathan MacKinnon.
7:28 of 3rd period - Shot Misses the Net.
7:30 of 3rd period - Shot by Miro Heiskanen.
7:30 of 3rd period - Stopped by Linus Ullmark without a rebound.
7:31 of 3rd period - Eetu Luostarinen wins face-off versus Tomas Hertl in Flyers zone.
8:06 of 3rd period - Shot by Jared McCann.
8:06 of 3rd period - Shot Misses the Net.
9:35 of 3rd period - Shot by Mika Zibanejad.
9:35 of 3rd period - Shot Misses the Net.
10:14 of 3rd period - Shot by Robert Thomas.
10:14 of 3rd period - Shot Misses the Net.
10:16 of 3rd period - Shot by Jared McCann.
10:16 of 3rd period - Goal by Jared McCann - Golden Knights : 2 - Flyers : 4.
10:17 of 3rd period - Nathan MacKinnon wins face-off versus Brandon Tanev in neutral zone.
10:59 of 3rd period - Shot by Nathan MacKinnon.
10:59 of 3rd period - Shot Misses the Net.
11:08 of 3rd period - Off-side.
11:09 of 3rd period - Kirby Dach wins face-off versus Robert Thomas in neutral zone.
11:12 of 3rd period - Shot by Jake Evans.
11:12 of 3rd period - Shot Misses the Net.
11:14 of 3rd period - Shot by Marcus Foligno.
11:14 of 3rd period - Deflect By Rafael Harvey-Pinard.
11:14 of 3rd period - Stopped by Linus Ullmark without a rebound.
11:15 of 3rd period - Kirby Dach wins face-off versus Mika Zibanejad in Flyers zone.
11:49 of 3rd period - Johnny Gaudreau is hit by Travis Hamonic and loses puck.
11:58 of 3rd period - Shot by Mika Zibanejad.
11:58 of 3rd period - Shot Blocked by Kirby Dach.
12:00 of 3rd period - Shot by Victor Hedman.
12:00 of 3rd period - Shot Misses the Net.
12:24 of 3rd period - Shot by William Nylander.
12:24 of 3rd period - Stopped by Ilya Samsonov without a rebound.
12:25 of 3rd period - Sam Lafferty wins face-off versus Nathan MacKinnon in Golden Knights zone.
12:43 of 3rd period - Icing by Miro Heiskanen.
12:44 of 3rd period - Nathan MacKinnon wins face-off versus Robert Thomas in Golden Knights zone.
12:49 of 3rd period - Shot by Jared McCann.
12:49 of 3rd period - Stopped by Ilya Samsonov without a rebound.
12:50 of 3rd period - Tomas Hertl wins face-off versus William Nylander in Golden Knights zone.
13:05 of 3rd period - Shot by Jack Roslovic.
13:05 of 3rd period - Stopped by Linus Ullmark without a rebound.
13:06 of 3rd period - Mika Zibanejad wins face-off versus Nathan MacKinnon in Flyers zone.
13:06 of 3rd period - Mika Zibanejad is hit by Artemi Panarin.
13:50 of 3rd period - Shot by Aaron Ekblad.
13:50 of 3rd period - Shot Misses the Net.
13:52 of 3rd period - Shot by Aaron Ekblad.
13:52 of 3rd period - Stopped by Ilya Samsonov with a rebound.
14:52 of 3rd period - Shot by T.J. Oshie.
14:52 of 3rd period - Deflect By Tomas Hertl.
14:52 of 3rd period - Shot Blocked by Victor Hedman.
15:11 of 3rd period - Icing by T.J. Oshie.
15:12 of 3rd period - Sam Lafferty wins face-off versus Tomas Hertl in Golden Knights zone.
15:15 of 3rd period - Shot by Eetu Luostarinen.
15:15 of 3rd period - Shot Misses the Net.
15:17 of 3rd period - Shot by Sam Lafferty.
15:17 of 3rd period - Shot Misses the Net.
15:53 of 3rd period - Shot by Sam Lafferty.
15:53 of 3rd period - Shot Misses the Net.
15:55 of 3rd period - Shot by Eetu Luostarinen.
15:55 of 3rd period - Stopped by Ilya Samsonov with a rebound.
17:48 of 3rd period - Icing by Zach Werenski.
17:49 of 3rd period - Nathan MacKinnon wins face-off versus Robert Thomas in Golden Knights zone.
18:20 of 3rd period - Shot by Jared McCann.
18:20 of 3rd period - Shot Hit the Post.
18:24 of 3rd period - Shot by William Nylander.
18:24 of 3rd period - Shot Misses the Net.
18:26 of 3rd period - Shot by William Nylander.
18:26 of 3rd period - Shot Misses the Net.
19:41 of 3rd period - Icing by Zach Werenski.
19:42 of 3rd period - Calle Jarnkrok wins face-off versus Jake Evans in Golden Knights zone.
Goals for this period are 0 for Golden Knights vs 2 for Flyers.
Shots for this period are 5 for Golden Knights vs 8 for Flyers.